 Dungeon Crawl Stone Soup version 0.29.1-1-gd02db6906a (webtiles) character file.

Game seed: 7209066513925700864

24285 croobank the Spry (level 12, -3/65 HPs)
             Began as a Felid Summoner on Sept 18, 2022.
             Was an Initiate of Gozag.
             Engulfed by their own flame (11 damage)
             ... on level 1 of the Snake Pit on Sept 19, 2022.
             The game lasted 04:52:08 (40185 turns).

croobank the Spry (Felid Summoner)                 Turns: 40185, Time: 04:52:08

Health: -3/65      AC:  3    Str:  9    XL:     12   Next: 79%
Magic:  6/20       EV: 33    Int: 21    God:    Gozag
Gold:   230        SH:  5    Dex: 20    Spells: 4/21 levels left
                                        Lives:  0   Deaths: 4

rFire   + . .      SeeInvis +   (weapon unavailable)
rCold   + + +      Faith    .   (shield unavailable)
rNeg    . . .      Spirit   .   (body armour unavailable)
rPois   +          Reflect  +   (helmet unavailable)
rElec   +          Harm     .   (cloak unavailable)
rCorr   +          Rampage  .   (gloves unavailable)
Will    +....                   (boots unavailable)
Stlth   +++.......              A - amulet of reflection
HPRegen 0.20/turn               d - ring of protection from cold
MPRegen 0.17/turn               P - +6 ring of strength

@: lethally poisoned (-3 -> -5), resistant, gold aura, invisible, quick
A: very small, claws 1, fangs 3, see invisible, speed 1, shaggy fur 3, stealthy
paws, no weapons or thrown items, no armour, multi-lived, antennae 1, agile 1,
wild magic 1
a: Renounce Religion, Potion Petition, Call Merchant, Bribe Branch


You were on level 1 of the Snake Pit.
You worshipped Gozag.
Gozag was aware of your devotion.
You visited 7 branches of the dungeon, and saw 24 of its levels.
You also visited: Ossuary and Bailey.

You collected 6651 gold pieces.
You spent 2850 gold pieces at shops.
You paid 3571 gold pieces to Gozag.

Inventory:

Jewellery
 d - a ring of protection from cold (left paw)
 h - a +4 ring of protection
 k - a +4 ring of evasion
 t - a ring of protection from cold
 v - a +4 ring of protection
 x - a ring of protection from fire
 y - a ring of magical power
 A - an amulet of reflection (around neck)
 E - a ring of wizardry
 J - a +6 ring of intelligence
 N - a +6 ring of dexterity
 O - a ring of positive energy
 P - a +6 ring of strength (right paw)
 Q - the ring of Zophatah {rElec rF+ rN+ Str-4}
   (You bought it in a shop on level 1 of the Snake Pit)

   [ring of positive energy]

   Str:       It affects your strength (-4).
   rF:        It protects you from fire.
   rElec:     It insulates you from electricity.
   rN:        It protects you from negative energy.
Wands
 n - a wand of paralysis (6)
 u - a wand of iceblast (1)
 G - a wand of flame (4)
Scrolls
 f - 5 scrolls of teleportation
 j - a scroll of butterflies
 o - 3 scrolls of magic mapping
 r - a scroll of immolation
 w - 2 scrolls of vulnerability
 B - a scroll of enchant armour
 D - 3 scrolls of silence
 K - a scroll of amnesia
 M - 3 scrolls of identify
Potions
 b - 3 potions of ambrosia
 c - 2 potions of might
 e - a potion of berserk rage
 g - 8 potions of curing
 i - 4 potions of lignification
 l - 3 potions of mutation
 m - 2 potions of brilliance
 p - 3 potions of flight
 q - 3 potions of cancellation
 z - 4 potions of degeneration
 C - 4 potions of attraction
Miscellaneous
 a - a piece from Xom's chessboard (14/15)
 s - a piece from Xom's chessboard (14/15)
 F - a tin of tremorstones (inert)


   Skills:
 - Level 15.0 Fighting
 - Level 18.3 Dodging
 - Level 3.7 Stealth
 - Level 5.0 Spellcasting
 - Level 5.0 Hexes
 + Level 13.9 Summonings
 - Level 9.5 Transmutations
 - Level 5.0 Air Magic


You had 4 spell levels left.
You knew the following spells:

 Your Spells              Type           Power      Damage    Failure   Level
a - Summon Small Mammal   Summ           100%       N/A       1%          1
b - Call Imp              Summ           70%        N/A       1%          2
c - Call Canine Familiar  Summ           70%        N/A       1%          3
d - Summon Guardian Gole  Hex/Summ       55%        N/A       1%          3
e - Summon Lightning Spi  Summ/Air       55%        N/A       4%          4
f - Summon Ice Beast      Ice/Summ       44%        N/A       10%         4

Your spell library contained the following spells:

 Spells                   Type           Power      Damage    Failure   Level
 Wereblood                Tmut           56%        N/A       1%          2
 Passwall                 Tmut/Erth      26%        N/A       4%          2
 Freeze                   Ice            24%        1d5       16%         1
 Magic Dart               Conj           24%        1d4       16%         1
 Sandblast                Erth           12%        2d6       16%         1
 Cause Fear               Hex            17%        N/A       21%         4
 Sublimation of Blood     Necr           6%         N/A       22%         2
 Ice Form                 Ice/Tmut       32%        N/A       22%         4
 Mephitic Cloud           Conj/Pois/Air  15%        N/A       24%         3
 Frozen Ramparts          Ice            12%        1d2       41%         3
 Stone Arrow              Conj/Erth      12%        3d7       41%         3
 Leda's Liquefaction      Hex/Erth       10%        N/A       45%         4
 Summon Hydra             Summ           35%        N/A       38%         7
 Metabolic Englaciation   Hex/Ice        10%        N/A       78%         5
 Dragon Form              Tmut           28%        N/A       92%         7
 Borgnjor's Vile Clutch   Necr/Erth      3%         N/A       98%         5
 Storm Form               Tmut/Air       23%        N/A       99%         7
 Death Channel            Necr           3%         N/A       100%        6
 Ozocubu's Refrigeration  Ice            3%         4d8       100%        7
 Maxwell's Capacitive Co  Air            17%        ∞         100%        8
 Dragon's Call            Summ           35%        N/A       100%        9
 Portal Projectile        Hex/Tloc       Unusable   N/A       N/A         3
 Animate Dead             Necr           Unusable   N/A       N/A         4

Dungeon Overview and Level Annotations

Branches:
Dungeon (14/15)            Temple (1/1) D:4            Lair (4/5) D:10
  Swamp (1/4) Lair:3        Snake (1/4) Lair:2          Orc (2/2) D:12
    Elf (1/3) Orc:2        Vaults (0/5) D:13        Ossuary (visited)
 Bailey (visited)
  Slime: Lair:4-5

Altars:
Cheibriados
Fedhas
Gozag
Hepliaklqana
Kikubaaqudgha
Nemelex Xobeh
Qazlal
Ru
Trog
Vehumet
Wu Jian
Yredelemnul

Shops:
D:7 [   D:12 :   D:13 [   Orc:1 ?   Orc:2 [[:?(*(   Snake:1 =

Annotations:
D:9 2 transporters, apoch's ghost, journeyman MiFi


Innate Abilities, Weirdness & Mutations

You have sharp claws.
You have razor-sharp teeth.
You have supernaturally acute eyesight. (SInv)
You cover ground quickly. (Speed+)
Your thick and shaggy fur keeps you warm. (AC +3, rC+)
Your paws help you pounce on unaware monsters.
You are incapable of wielding weapons or throwing items.
You cannot wear armour.
You gain extra lives every three experience levels.
You have a pair of small antennae on your head.
You are agile. (Dex +4, Str/Int -1)
Your spells are a little harder to cast, but a little more powerful.


Message History

The naga ritualist constricts your guardian golem.
The black mamba completely misses you.
Casting: Summon Ice Beast (dangerous; 10% risk of failure)
Confirm with . or Enter, or press ? or * to list all spells.
An electric hum fills the air.
Your guardian golem is engulfed in blazing flames.
Flame seeps out of your guardian golem.
The shock serpent bites your guardian golem.
Flame seeps out of your guardian golem.
The shock serpent shocks your guardian golem.
Your guardian golem resists.
Flame seeps out of your guardian golem.
The naga ritualist utters an invocation to its god.
The naga ritualist begins to radiate toxic energy.
You are poisoned.
The naga ritualist constricts your guardian golem.
Flame seeps out of your guardian golem.
The mana viper bites your guardian golem!!
Your guardian golem disappears in a puff of smoke!
Your guardian golem explodes!
The fiery explosion engulfs the naga ritualist!
The fiery explosion engulfs the mana viper!!!
The mana viper dies!
The fiery explosion engulfs the shock serpent!!
The fiery explosion engulfs you!!!
Ouch! That really hurt!
* * * LOW HITPOINT WARNING * * *
The fiery explosion engulfs the black mamba!!
You hear an angry hiss. x2
Okay, then.
Okay, then. [a] - 210 gold - resistance [b] - 378 gold - resistance and invisibility [c] - 290 gold - heal wounds and berserk rage Purchase which effect?
You no longer have enough gold to petition Gozag for potion effects.
You feel protected.
You fade into invisibility!
You are engulfed in blazing flames.
You resist.
You die...
Your body crumbles into a pile of gold.

# #. . ..#.# #.. ..
....## #t# ..
#..#######.## #.#
#..........###.#
#...........#.#
##.§§......8.$#
#.S§.......N§S#
#..§§......S°@#
#.$........§#§#
#..........$#.#
#..........#)##
..##.......##$.##
.## ##......##...##
##......#....##
##.#.###.....######
###.# ##......∩..##


You could see an alligator (unable to see you), a naga ritualist (toxic aura), a
shock serpent (unable to see you), a black mamba (unable to see you, ally
target) and a friendly lightning spire (summoned, sheltered).

Vanquished Creatures
  A goliath frog (Swamp:1)
  A black mamba (Lair:4)
  2 blink frogs (Lair:1)
  A shadow (D:13)
  A yak (D:9)
  A wolf (Lair:1)
  A phantom (D:5)
  A killer bee (D:10)
  An electric eel (Orc:2)
  A gnoll (Bailey)
  5 orcs
  A bat (D:2)
  A giant cockroach (D:3)
  2 goblins (D:7)
  A quokka (D:1)
  A frilled lizard (D:1)
  A rat (D:3)
23 creatures vanquished.

Vanquished Creatures (collateral kills)
  Gastronok (Orc:1)
  2 eleionomae (Swamp:1)
  A vault guard (D:13)
  2 hydras
  Fannar (Lair:3)
  A catoblepas (Lair:2)
  Erolcha (D:12)
  2 two-headed ogres
  A spriggan druid (Swamp:1)
  A bog body (Swamp:1)
  An orc knight (Orc:2)
  A deep elf pyromancer (D:12)
  An ugly thing (D:12)
  2 orc sorcerers (Orc:2)
  The ghost of Jase the Spear-Bearer, a novice MfGl (D:5)
  A cyclops (D:10)
  3 black mambas
  The ghost of videwesjr the Chopper, a novice MiBe of Trog (D:5)
  An ice statue (Lair:1)
  3 cane toads
  7 komodo dragons
  2 unseen horrors
  A cane toad (shapeshifter) (D:14)
  2 rime drakes
  2 trolls
  A tyrant leech (Swamp:1)
  2 hornets
  15 blink frogs
  4 slime creatures
  6 dream sheep
  2 shadows (D:12)
  2 spriggans (Swamp:1)
  2 wyverns
  5 basilisks
  20 yaks
  6 humans (D:13)
  5 vampire mosquitoes
  A steam dragon (D:9)
  2 wargs (Orc:2)
  A naga (Lair:2)
  Duvessa (D:7)
  2 acid dragons
  2 water moccasins (Lair:3)
  6 black bears
  A swamp drake (Swamp:1)
  An ice beast (D:7)
  19 orc warriors
  An ogre (Orc:2)
  18 wolves
  7 centaurs
  2 phantoms
  3 elf zombies (Ossuary)
  17 bullfrogs
  2 gnoll sergeants
  A necrophage (D:6)
  A scorpion (D:6)
  10 killer bees
  5 wights
  Dowan (D:7)
  An elephant simulacrum (Lair:1)
  A howler monkey (D:7)
  2 nameless horrors
  An electric eel (Lair:2)
  2 jellies
  4 centaur zombies (Ossuary)
  A hound (D:5)
  10 orc priests
  A human zombie (Ossuary)
  12 orc wizards
  A troll simulacrum (Lair:1)
  A wolf simulacrum (Lair:1)
  2 mummies (Ossuary)
  7 gnolls
  4 adders
  3 shadow imps (D:6)
  A white imp (Lair:1)
  2 ufetubi (D:5)
  73 orcs
  5 endoplasms
  4 giant cockroaches
  11 hobgoblins
  8 kobolds
  5 quokkas
  8 ball pythons
  7 bats
  4 frilled lizards
  13 goblins
  10 rats
420 creatures vanquished.

Vanquished Creatures (others)
  A vault guard (D:13)
  6 hydras
  2 alligators (Swamp:1)
  A centaur warrior (D:13)
  A death yak (Lair:1)
  A tengu warrior (D:13)
  A deep troll earth mage (D:14)
  2 shock serpents (Snake:1)
  A bog body (Lair:1)
  2 mana vipers (Snake:1)
  5 orc knights (Orc:2)
  An ugly thing (D:13)
  4 cyclopes
  A manticore (D:13)
  An elephant (D:10)
  2 black mambas
  2 naga magi (Snake:1)
  Maggie (D:7)
  2 gargoyles (D:12)
  5 cane toads
  A komodo dragon (shapeshifter) (D:13)
  3 rime drakes (Lair:4)
  3 komodo dragons
  4 trolls
  2 ice devils (Lair:1)
  4 hornets
  A tyrant leech (Swamp:1)
  4 polar bears
  A slime creature (D:13)
  3 blink frogs
  3 spriggans (Swamp:1)
  A wraith (D:12)
  35 yaks
  4 humans (D:13)
  2 basilisks
  A steam dragon (D:7)
  3 vampire mosquitoes
  4 wargs
  3 nagas
  3 water moccasins
  24 orc warriors
  2 black bears
  2 ogres
  7 wolves
  4 centaurs (D:11)
  A kobold brigand (D:7)
  A gnoll sergeant (D:9)
  2 bullfrogs
  An elf zombie (Ossuary)
  A necrophage (D:6)
  3 wights
  4 killer bees
  An elephant simulacrum (Lair:1)
  2 centaur zombies (Ossuary)
  A human zombie (Ossuary)
  2 orc priests
  An orc wizard (Orc:2)
  A troll simulacrum (Lair:1)
  A mummy (Ossuary)
  4 gnolls
  A naga simulacrum (Lair:1)
  An ufetubus (D:7)
  10 orcs
  A goblin (Bailey)
  A hobgoblin (Bailey)
  2 kobolds (D:7)
  18 fungi
  69 plants
295 creatures vanquished.

Grand Total: 738 creatures vanquished

Notes
Turn   | Place    | Note
-------+----------+-------------------------------------------
     0 | D:1      | croobank the Felid Summoner began the quest for the Orb.
     0 | D:1      | Reached XP level 1. HP: 7/7 MP: 4/4
   339 | D:1      | Reached skill level 3 in Dodging
   339 | D:1      | Reached XP level 2. HP: 11/11 MP: 4/6
   342 | D:1      | Learned a level 2 spell: Call Imp
  1629 | D:2      | Reached XP level 3. HP: 14/14 MP: 7/7
  1633 | D:2      | Learned a level 3 spell: Call Canine Familiar
  2824 | D:2      | Found a faded altar of an unknown god.
  3179 | D:3      | Reached XP level 4. HP: 18/18 MP: 1/8
  3887 | D:3      | Found a sacrificial altar of Ru.
  3962 | D:3      | Reached skill level 4 in Dodging
  4005 | D:3      | Reached skill level 1 in Fighting
  4654 | D:4      | Reached XP level 5. HP: 22/22 MP: 5/10
  4658 | D:4      | Learned a level 3 spell: Summon Guardian Golem
  5103 | D:4      | Found a staircase to the Ecumenical Temple.
  5115 | Temple   | Entered the Ecumenical Temple
  5132 | Temple   | Became a worshipper of Gozag Ym Sagoz the Greedy
  5912 | D:5      | Entered Level 5 of the Dungeon
  5947 | D:5      | Noticed an ogre
  5951 | D:5      | Killed an ogre
  5952 | D:5      | Reached skill level 1 in Hexes
  5952 | D:5      | Reached skill level 5 in Summonings
  5952 | D:5      | Gained mutation: You are covered in thick fur. (AC +2)
                  | [Felid growth]
  5952 | D:5      | Reached XP level 6. HP: 26/26 MP: 2/11
  6086 | D:5      | Found a sand-covered staircase.
  6095 | Ossuary  | Entered an ossuary
  6151 | Ossuary  | Reached skill level 5 in Dodging
  6387 | Ossuary  | Reached XP level 7. HP: 30/30 MP: 7/13
  6846 | D:5      | Reached skill level 6 in Dodging
  7120 | D:5      | Reached XP level 8. HP: 34/34 MP: 8/15
  7184 | D:5      | Found a runed translucent gate.
  7184 | D:5      | Found a runed translucent gate.
  7184 | D:5      | Found a runed translucent gate.
  7186 | D:5      | Noticed Jase's ghost (novice MfGl)
  7187 | D:5      | Noticed videwesjr's ghost (novice MiBe)
  7519 | D:5      | Found a sparkling altar of Nemelex Xobeh.
  7994 | D:6      | Reached skill level 5 in Hexes
  8017 | D:6      | Reached skill level 1 in Air Magic
  8695 | D:7      | Learned a level 4 spell: Summon Lightning Spire
  8786 | D:7      | Reached skill level 7 in Dodging
  8786 | D:7      | Reached skill level 5 in Spellcasting
  8887 | D:7      | Found a basalt altar of Yredelemnul.
  8887 | D:7      | Found a stormy altar of Qazlal.
  9041 | D:7      | Found a flagged portal.
  9064 | Bailey   | Entered a bailey
  9283 | Bailey   | Reached XP level 9. HP: 27/40 MP: 3/17
  9285 | Bailey   | Reached skill level 5 in Fighting
  9576 | Bailey   | Noticed an orc knight
  9586 | Bailey   | Noticed an orc warlord
  9761 | D:7      | Reached skill level 8 in Dodging
 10020 | D:7      | Noticed Duvessa
 10025 | D:7      | Noticed Dowan
 10041 | D:7      | Killed Duvessa
 10044 | D:7      | Killed Dowan
 10240 | D:7      | Noticed Maggie
 10267 | D:7      | HP: 2/41 [nameless horror[miscasting Summon Lightning
                  | Spire] (2)]
 10268 | D:7      | Slain by a nameless horror
 10269 | D:7      | Reached XP level 8. HP: -1/38 MP: 0/16
 10351 | D:7      | Found Xaurovi's Armour Shop.
 10596 | D:7      | Found an ancient bone altar of Kikubaaqudgha.
 12296 | D:8      | Reached skill level 9 in Dodging
 12296 | D:8      | Reached XP level 9. HP: 41/41 MP: 5/17
 12983 | D:9      | Noticed a deep troll
 12983 | D:9      | Noticed a troll
 12983 | D:9      | Found a transporter.
 12985 | D:9      | Noticed apoch's ghost (journeyman MiFi)
 12988 | D:9      | Noticed a moth of wrath
 12989 | D:9      | Noticed a troll
 12996 | D:9      | Noticed a troll
 13453 | D:9      | Noticed a troll
 13457 | D:9      | Killed a troll
 13843 | D:10     | Entered Level 10 of the Dungeon
 14020 | D:9      | Reached skill level 5 in Air Magic
 14186 | D:9      | Noticed a troll
 14189 | D:9      | Found a transporter.
 14194 | D:9      | Killed a troll
 14256 | D:9      | Reached skill level 10 in Dodging
 14268 | D:9      | Reached XP level 10. HP: 29/47 MP: 4/18
 14518 | D:9      | Noticed a two-headed ogre
 14528 | D:9      | Killed a two-headed ogre
 14529 | D:9      | Reached skill level 11 in Dodging
 14550 | D:9      | Found an ornate altar of the Wu Jian Council.
 14560 | D:9      | Identified the +0 leather armour of Duck's Teeth {+Blink
                  | Dex-3 Stlth+}
 14624 | D:9      | Found a bloodstained altar of Trog.
 15251 | D:10     | Noticed an elephant
 15260 | D:10     | Killed an elephant
 15285 | D:10     | Reached XP level 11. HP: 26/52 MP: 9/19
 15605 | D:10     | Reached skill level 10 in Summonings
 15647 | D:10     | Learned a level 4 spell: Summon Ice Beast
 15737 | D:10     | Reached skill level 12 in Dodging
 15929 | D:10     | Found a staircase to the Lair.
 16017 | D:11     | Noticed a two-headed ogre
 16025 | D:11     | Killed a two-headed ogre
 17195 | D:12     | Noticed a deep elf pyromancer
 17270 | Lair:1   | Entered Level 1 of the Lair of Beasts
 17369 | Lair:1   | Reached skill level 13 in Dodging
 17510 | Lair:1   | Noticed a death yak
 17516 | Lair:1   | Noticed a bog body
 17543 | Lair:1   | Killed a death yak
 17558 | Lair:1   | Killed a bog body
 17559 | Lair:1   | Reached skill level 10 in Fighting
 18359 | Lair:1   | Gained mutation: Your thick and shaggy fur keeps you warm.
                  | (AC +3, rC+) [Felid growth]
 18359 | Lair:1   | Reached XP level 12. HP: 58/58 MP: 20/20
 19188 | Lair:1   | Reached skill level 14 in Dodging
 19444 | Lair:1   | Got the Folio of the Chill
 21373 | Lair:2   | Reached skill level 15 in Dodging
 21882 | Lair:2   | Noticed a catoblepas
 21955 | Lair:2   | Mangled by a komodo dragon
 21956 | Lair:2   | Reached XP level 11. HP: -8/56 MP: 17/28
 22103 | Lair:2   | Identified the +8 trident of the Swamp {freeze, rC- Will++
                  | Dex+2 Stlth+}
 22378 | Lair:2   | Found a staircase to the Snake Pit.
 23093 | Lair:2   | Killed a catoblepas
 23304 | Lair:3   | Reached XP level 12. HP: 57/61 MP: 12/20
 23886 | Lair:3   | Found a staircase to the Swamp.
 24342 | Lair:3   | Noticed Fannar
 24684 | Lair:4   | Noticed an eight-headed hydra
 24699 | Lair:4   | Killed an eight-headed hydra
 25042 | Lair:4   | Reached skill level 1 in Transmutations
 25317 | Lair:4   | Identified the +1 robe of the Carved God {Fly rElec rC+
                  | Dex-3}
 25763 | Lair:4   | Noticed a five-headed hydra
 25772 | Lair:4   | Killed a five-headed hydra
 26677 | Lair:4   | Noticed a four-headed hydra
 26730 | Lair:4   | Killed a four-headed hydra
 26731 | Lair:4   | Reached XP level 13. HP: 53/68 MP: 11/21
 28144 | D:12     | Noticed Erolcha
 28805 | Lair:3   | Killed Fannar
 28806 | Lair:3   | Reached skill level 16 in Dodging
 29031 | D:7      | Killed Maggie
 29230 | D:12     | Reached skill level 5 in Transmutations
 29285 | D:12     | Found a staircase to the Orcish Mines.
 29866 | D:13     | Found Vecaacasui's Armour Emporium.
 30043 | Orc:1    | Entered Level 1 of the Orcish Mines
 30101 | Orc:1    | Noticed Gastronok
 30102 | Orc:1    | Found Koittoic's Magic Scroll Shoppe.
 30116 | Orc:1    | Killed Gastronok
 30117 | Orc:1    | Reached skill level 15 in Fighting
 30483 | Orc:1    | Bought 2 scrolls of identify for 48 gold pieces
 30483 | Orc:1    | Bought a scroll of identify for 24 gold pieces
 30758 | Orc:2    | Entered Level 2 of the Orcish Mines
 30758 | Orc:2    | Found a staircase to the Elven Halls.
 30759 | Orc:2    | Found Feeru's Magic Scroll Boutique.
 30772 | Orc:2    | Bought a scroll of vulnerability for 52 gold pieces
 30772 | Orc:2    | Bought a scroll of blinking for 97 gold pieces
 30861 | Orc:2    | Found Asure's Weapon Shoppe.
 31600 | Orc:2    | Found a bloodstained altar of Trog.
 31865 | Orc:2    | Found Femuog's Assorted Antiques.
 31865 | Orc:2    | Found Ezynapam's Antique Weapon Shop.
 31870 | Orc:2    | Bought a blackened onyx ring for 145 gold pieces
 31870 | Orc:2    | Bought a golden ring for 145 gold pieces
 32184 | Orc:2    | Reached skill level 17 in Dodging
 32622 | Orc:2    | Found Riqupluv's Book Emporium.
 32631 | Orc:2    | Bought a book of Blood for 308 gold pieces
 32799 | Orc:2    | Found Ufeta's Armour Emporium.
 32799 | Orc:2    | Found Gemoimie's Armour Shop.
 33418 | D:12     | Killed Erolcha
 33504 | D:12     | Found Neuluen's Book Shoppe.
 34119 | D:12     | Reached XP level 14. HP: 24/73 MP: 16/22
 34345 | D:12     | Bought a book of the Sky for 572 gold pieces
 34834 | D:13     | Found a gate to the Vaults.
 35572 | D:13     | Reached skill level 18 in Dodging
 36002 | Snake:1  | Entered Level 1 of the Snake Pit
 36069 | Snake:1  | Bought a +6 ring of strength for 576 gold pieces
 36069 | Snake:1  | Bought the ring of Zophatah {rElec rF+ rN+ Str-4} for 521
                  | gold pieces
 36868 | Swamp:1  | Entered Level 1 of the Swamp
 36980 | Swamp:1  | HP: 1/73 [eleionoma/spray of wooden splinters (45)]
 37456 | Orc:1    | Bought a scroll of butterflies for 48 gold pieces
 37477 | Orc:2    | Bought a scroll of fear for 52 gold pieces
 37477 | Orc:2    | Bought a scroll of immolation for 52 gold pieces
 37477 | Orc:2    | Bought a scroll of silence for 123 gold pieces
 37548 | Orc:2    | Bought a potion of curing for 87 gold pieces
 37582 | Elf:1    | Entered Level 1 of the Elven Halls
 37796 | D:5      | Killed Jase's ghost
 37806 | D:5      | Killed videwesjr's ghost
 38599 | D:14     | Identified the ring "Teise" {rF++ rC- rN+++ Str-3 SInv}
 38669 | D:14     | HP: 3/73 [ice dragon (11)]
 39757 | Swamp:1  | HP: 3/73 [bunyip (29)]
 39769 | Swamp:1  | Mangled by a bunyip
 39770 | Swamp:1  | Reached XP level 13. HP: -6/69 MP: 5/21
 39784 | Swamp:1  | Noticed an eleionoma
 39821 | Swamp:1  | Killed an eleionoma
 39836 | Swamp:1  | HP: 4/91 [spectral fenstrider witch[a ghost crab] (4)]
 39852 | Swamp:1  | HP: 3/90 [spectral fenstrider witch[a ghost crab] (2)]
 39852 | Swamp:1  | Slain by a spectral death drake
 39853 | Swamp:1  | Reached XP level 12. HP: -1/81 MP: 18/20
 40056 | Lair:3   | Gained mutation: Your body sometimes deteriorates upon
                  | taking damage. [potion of mutation]
 40056 | Lair:3   | Gained mutation: You have a pair of small horns on your
                  | head. [potion of mutation]
 40057 | Lair:3   | Lost mutation: Your body sometimes deteriorates upon taking
                  | damage. [potion of mutation]
 40057 | Lair:3   | Lost mutation: You have a pair of small horns on your head.
                  | [potion of mutation]
 40057 | Lair:3   | Gained mutation: Your spells are a little harder to cast,
                  | but a little more powerful. [potion of mutation]
 40057 | Lair:3   | Gained mutation: You have a pair of small antennae on your
                  | head. [potion of mutation]
 40057 | Lair:3   | Gained mutation: You are agile. (Dex +4, Str/Int -1)
                  | [potion of mutation]
 40183 | Snake:1  | Noticed an alligator
 40185 | Snake:1  | Engulfed by their own flame

Illustrated notes

Levels and vault maps discovered:
D:1:      lemuel_arrival_lava_pool, layout_basic
D:2:      layout_loops_corners, shapermc_ecumenical_altar_mp_vishouse,
          minmay_misc_feat_roman
D:3:      minmay_bubble_buster, layout_basic,
          nicolae_ru_great_annihilating_truth, st_stairs_4,
          nicolae_figureground_pulse
D:4:      layout_layer_cave, minmay_temple_entry_poolview,
          kennysheep_big_empty_room, kennysheep_path_1
D:5:      layout_basic, mainiacjoe_overflow_small_starburst,
          gammafunk_ghost_cemetery, nicolae_ossuary_entry_monument,
          kennysheep_donut
D:6:      layout_cave_pools
D:7:      layout_loops_ring, mainiacjoe_overflow_brackets,
          gammafunk_temple_overflow_elements, enter_bailey_3, serial_shops,
          nicolae_shop_behind_doors, minmay_misc_feat_enclosed, uniq_maggie,
          uniq_duvessa
D:8:      layout_basic
D:9:      layout_rooms, overflow_temple_1_default,
          gammafunk_ghost_wrathful_warriors
D:10:     layout_cave_pools, david_lair_generic
D:11:     layout_gridville
D:12:     layout_basic, minmay_orc_entry_temple_small, serial_shops,
          nicolae_take_the_stairs, uniq_erolcha
D:13:     layout_stronghold, ximxim_vaults_locker_room, serial_shops,
          nicolae_shop_trees
D:14:     minmay_the_grid_3x2 [minmay_the_grid_aliased_spiral,
          minmay_the_grid_stretched_grid, minmay_the_grid_large_cup,
          minmay_the_grid_spin_star, minmay_the_grid_minigrid_small,
          minmay_the_grid_prize_diamond_cup], layout_stronghold,
          ebering_ghost_funeral_grove, minmay_misc_feat_doors
Temple:   nicolae_temple_elliptical
Lair:1:   dreamdust_isle_of_ice, layout_small_grid
Lair:2:   nzn_winding_woodlands_stair_trap [nzn_winding_woodlands_5x15_zeroes,
          nzn_winding_woodlands_5x15_split_checker,
          nzn_winding_woodlands_5x15_default,
          nzn_winding_woodlands_15x15_eel_pit,
          nzn_winding_woodlands_5x15_default,
          nzn_winding_woodlands_5x15_longhouse,
          nzn_winding_woodlands_5x15_jagged], layout_gridlike,
          minmay_snake_entry_guardpost_small
Lair:3:   layout_long_grid, swamp_mist, uniq_fannar
Lair:4:   cheibrodos_lair_overgrown_chateau, layout_layer_cave,
          chequers_serial_rivers_micro_a
Swamp:1:  layout_basic_swamp, evilmike_swamp_ruin_house_4, uniq_roxanne
Snake:1:  onia_ninara_swampy_vault, layout_chambers, nicolae_snake_bzzzt
Orc:1:    layout_caves, serial_shops, nicolae_diamond_shop, uniq_gastronok
Orc:2:    st_orc_town, layout_caves, basic_altar, serial_shops,
          nicolae_lakefront_shop, nicolae_shop_waterfront,
          nicolae_shop_bloodbath_and_beyond
Elf:1:    eino_elf_arrival_shootout, layout_loops_corners, serial_shops, shop,
          evilmike_minifort

Skill      XL: |  1  2  3  4  5  6  7  8  9 10 11 12 13 14 |
---------------+-------------------------------------------+-----
Stealth        | 3 |  3.7
Dodging        | 3 4 5 6 9 10 11 13 15 17 18 | 18.3
Fighting       | 1 2 3 6 7 8 12 14 15 | 15.0
Spellcasting   | 3 4 5 |  5.0
Hexes          | 1 3 4 5 |  5.0
Summonings     | 5 6 8 9 11 12 13 | 13.9
Air Magic      | 4 5 |  5.0
Transmutations | 3 8 9 |  9.5

Action                   |  1- 3 |  4- 6 |  7- 9 | 10-12 | 13-15 || total
-------------------------+-------+-------+-------+-------+-------++-------
Melee: Unarmed           |    17 |    16 |   114 |   158 |    96 ||   401
       Bite              |     3 |     4 |    14 |    26 |    18 ||    65
       Punch             |       |       |     4 |     2 |     3 ||     9
 Cast: Summon Small Mamm |    62 |    29 |    91 |    48 |    26 ||   256
       Call Imp          |    22 |    10 |    20 |    13 |     9 ||    74
       Call Canine Famil |    10 |    23 |    48 |    49 |    43 ||   173
       Summon Guardian G |       |     6 |    60 |   108 |   140 ||   314
       Summon Lightning  |       |       |    25 |    90 |    64 ||   179
       Summon Ice Beast  |       |       |       |    16 |    21 ||    37
Invok: Potion Petition   |       |       |       |     1 |     5 ||     6
       Call Merchant     |       |       |       |       |     1 ||     1
Evoke: Wand              |       |       |     5 |    21 |    15 ||    41
       Piece from Xom's  |       |       |       |     3 |     2 ||     5
       Tin of tremorston |       |       |       |     1 |     1 ||     2
  Use: Scroll            |       |    13 |     4 |     9 |    18 ||    44
       Potion            |       |     1 |     2 |     3 |    12 ||    18
 Stab: Invisible         |       |     1 |       |       |       ||     1
       Distracted        |       |       |     3 |     4 |     1 ||     8
       Sleeping          |       |       |     1 |       |     1 ||     2
       Paralysed         |       |       |       |     1 |       ||     1
Armor: Skin              |     2 |     8 |    14 |    12 |    59 ||    95
Dodge: Dodged            |    26 |    32 |   189 |   289 |   262 ||   798
Block: Other             |       |       |       |       |    10 ||    10
